 Dungeon Sprint DCSS version 0.28.0-53-g5a82cb258f (webtiles) character file.

Game seed: 2804866577011756318

5900000 Zeld the Intangible (level 24, -54/208 HPs)
             Began as a Djinni Monk on June 5, 2022.
             Was the Champion of Makhleb.
             Annihilated by The Captor
             ... wielding a +9 vorpal triple sword
              (76 damage)
             ... in the Dungeon (Sprint VIII: "Arena of Blood").
             The game lasted 00:01:39 (59 turns).

Zeld the Intangible (Djinni Monk)                     Turns: 59, Time: 00:01:39

Health: -54/208    AC:  3    Str: 18    XL:     24   Next: 45%
Gold:   0          EV: 29    Int: 15    God:    Makhleb [******] SH:  0 Dex: 17

rFire   + + .      SeeInvis .   g - +∞ Axe of Woe
rCold   x . .      Faith    .   (shield currently unavailable)
rNeg    . . .      Spirit   .   a - +0 robe
rPois   ∞          Reflect  .   (no helmet)
rElec   .          Harm     .   (no cloak)
rCorr   .          Rampage  .   (no gloves)
Will    ++...      NoTele   +   (boots unavailable)
Stlth   ++........              (no amulet)
HPRegen 0.44/turn               (no ring)
MPRegen 0.00/turn               (no ring)

@: death channelling, flying
A: sickness immunity, fire resistance 2, cold vulnerability 1, float, innate
caster, HP casting, extra vitality 1
a: Renounce Religion, Minor Destruction, Lesser Servant of Makhleb, Major
Destruction, Greater Servant of Makhleb


You were in the Dungeon.
You worshipped Makhleb.
Makhleb was exalted by your worship.
You visited 1 branch

Inventory:

Hand Weapons
 g - the +∞ Axe of Woe (weapon)
   (You found it in the Dungeon)
Armour
 a - a +0 robe (worn)
Scrolls
 f - a scroll of blinking
Potions
 b - a potion of curing
 c - a potion of heal wounds
 d - a potion of haste
 e - a potion of berserk rage


   Skills:
 O Level 27 Fighting
 + Level 18.5(21.5) Short Blades
 + Level 18.5(21.5) Long Blades
 O Level 27 Axes
 + Level 17.1(25.5) Maces & Flails
 + Level 17.1(25.5) Polearms
 + Level 17.5(23.3) Staves
 + Level 16.1(18.9) Slings
 + Level 16.1 Bows
 + Level 16.1 Crossbows
 + Level 16.1(18.9) Throwing
 + Level 19.0 Armour
 O Level 27 Dodging
 - Level 1.5 Stealth
 + Level 19.0 Shields
 - Level 3.0 Unarmed Combat
 O Level 27 Spellcasting
 O Level 27 Invocations
 + Level 18.9 Evocations


You had 23 spell levels left.
You knew the following spells:

 Your Spells              Type           Power      Damage    Failure   Level
a - Sandblast             Erth           100%       2d20      0%          1
b - Poisonous Vapours     Pois/Air       100%       N/A       0%          2
c - Summon Guardian Gole  Hex/Summ       79%        N/A       0%          3
d - Sticky Flame          Conj/Fire      79%        2d9       0%          4
e - Iskenderun's Battles  Conj           79%        2d13      0%          5
f - Summon Mana Viper     Hex/Summ       79%        N/A       0%          5
g - Summon Cactus Giant   Summ           39%        N/A       0%          6
h - Death Channel         Necr           39%        N/A       0%          6
i - Haunt                 Necr/Summ      39%        N/A       1%          7
j - Orb of Destruction    Conj           39%        9d11      1%          7
k - Maxwell's Capacitive  Air            39%        ∞         1%          8
Your spell library was empty.

Dungeon Overview and Level Annotations

Branches:
Dungeon (1/1)

Altars:
Makhleb

Annotations:
D The Captor


Innate Abilities, Weirdness & Mutations

You are immune to sickness and miasma.
You are immune to poison.
Your flesh is very heat resistant. (rF++)
You are vulnerable to cold. (rC-)
You float through the air rather than walking.
You learn spells naturally, not from books.
Your magical power is your life essence.
You have superior vitality. (+4 MHP)


Message History

The fiery explosion engulfs you! You resist.
* * * LOW HITPOINT WARNING * * *
The fiery explosion engulfs your spectral large bag of meat!
The fiery explosion engulfs the meat berserker!!
The fiery explosion engulfs your spectral meat berserker!!
You are engulfed in blazing flames.
You resist.
* * * LOW HITPOINT WARNING * * *
You hear a shout! x5
The bag of meat is engulfed in blazing flames.
You hear a shout! x4
The meat berserker is engulfed in blazing flames.
The meat berserker hits your spectral meat berserker with a +9 battleaxe!!!
The meat berserker rages.
Your spectral meat berserker is engulfed in blazing flames.
Your spectral meat berserker hits the meat berserker!
You hear a shout!
Your base Maces & Flails skill increases to level 17!
Your base Polearms skill increases to level 17!
Your Armour skill increases to level 19!
Your Shields skill increases to level 19!
Unknown command.
Unknown command.
A bag of meat and 2 meat berserkers come into view.
The bag of meat shouts!
The meat berserker shouts!
You hear a shout! x4
Your spectral meat berserker hits the bag of meat!
You hear a shout!
The eight-headed meat hydra calls on the powers of darkness!
The eight-headed meat hydra convulses!
The bag of meat convulses! x5
The meat berserker convulses!
The bag of meat convulses! x2
The large bag of meat convulses!
Flame seeps out of the large bag of meat.
Your body is wracked with pain!
* * * LOW HITPOINT WARNING * * *
Your spectral bag of meat is engulfed in blazing flames.
Your spectral bag of meat hits the bag of meat.
A bag of meat comes into view. It is wielding a +9 war axe.
The bag of meat hits your spectral meat berserker with a +9 war axe!!
You hear a shout! x2
The Captor hits you with a +9 vorpal triple sword!!!!
You die...

..o.... .. D.o..
.. #o°z. .# ..
#oo. o.#
...###oo. ..###.
.....°O.###°.....
#....ZooMZ○O.....
...☼#OZZZ.#.... .
#_)@)_# . #○@)).#
....._......
......###......
..###... ..###. .
#... ..# #... ..#
... O.


You could see an accursed, an eight-headed meat hydra, a large bag of meat
(inner flame), The Captor, 3 meat berserkers, 8 bags of meat, 2 friendly
spectral bags of meat, 2 friendly spectral meat berserkers and a friendly
spectral large bag of meat.

Vanquished Creatures
  5 vampire knights (D)
  13 ogres (D)
  7 two-headed ogres (D)
  29 orcs (D)
  3 skeletal warriors (D)
57 creatures vanquished.

Vanquished Creatures (others)
  An orc (D)
1 creature vanquished.

Grand Total: 58 creatures vanquished

Notes
Turn   | Place    | Note
-------+----------+-------------------------------------------
     0 | D        | Found the +∞ Axe of Woe
     0 | D        | Zeld the Djinni Monk began the quest for the Orb.
     0 | D        | Reached XP level 1. HP: 20/20 MP: 0/0
     4 | D        | Became a worshipper of Makhleb the Destroyer
     4 | D        | Reached * piety under Makhleb
     4 | D        | Reached ** piety under Makhleb
     4 | D        | Noticed a bag of meat
     5 | D        | Noticed a bag of meat
     6 | D        | Noticed a bag of meat
     6 | D        | Noticed a bag of meat
     9 | D        | Killed a bag of meat
     9 | D        | Noticed a bag of meat
     9 | D        | Noticed a bag of meat
    10 | D        | Reached XP level 2. HP: 40/40 MP: 0/0
    10 | D        | Reached XP level 3. HP: 45/45 MP: 0/0
    10 | D        | Learned a level 1 spell: Sandblast
    10 | D        | Reached XP level 4. HP: 51/51 MP: 0/0
    10 | D        | Reached XP level 5. HP: 57/57 MP: 0/0
    10 | D        | Learned a level 2 spell: Poisonous Vapours
    10 | D        | Reached XP level 6. HP: 63/63 MP: 0/0
    10 | D        | Reached XP level 7. HP: 68/68 MP: 0/0
    10 | D        | Learned a level 3 spell: Summon Guardian Golem
    10 | D        | Reached XP level 8. HP: 75/75 MP: 0/0
    10 | D        | Reached XP level 9. HP: 80/80 MP: 0/0
    10 | D        | Learned a level 4 spell: Sticky Flame
    10 | D        | Reached XP level 10. HP: 86/86 MP: 0/0
    10 | D        | Reached XP level 11. HP: 92/92 MP: 0/0
    10 | D        | Learned a level 5 spell: Iskenderun's Battlesphere
    11 | D        | Killed a bag of meat
    11 | D        | Noticed a bag of meat
    11 | D        | Noticed a bag of meat
    11 | D        | Noticed a bag of meat
    12 | D        | Reached skill level 15 in Fighting
    12 | D        | Reached XP level 12. HP: 102/102 MP: 0/0
    12 | D        | Killed a bag of meat
    12 | D        | Noticed a meat berserker
    13 | D        | Reached skill level 10 in Spellcasting
    13 | D        | Reached XP level 13. HP: 111/111 MP: 0/0
    13 | D        | Learned a level 5 spell: Summon Mana Viper
    13 | D        | Killed a bag of meat
    13 | D        | Reached *** piety under Makhleb
    14 | D        | Killed a bag of meat
    14 | D        | Noticed a meat berserker
    14 | D        | Noticed a meat berserker
    15 | D        | Reached skill level 15 in Invocations
    15 | D        | Reached XP level 14. HP: 121/121 MP: 0/0
    15 | D        | Noticed a meat berserker
    15 | D        | Noticed a bag of meat
    16 | D        | Killed a meat berserker
    16 | D        | Noticed a bag of meat
    17 | D        | Killed a bag of meat
    17 | D        | Reached **** piety under Makhleb
    17 | D        | Killed a bag of meat
    17 | D        | Killed a meat berserker
    17 | D        | Noticed a bag of meat
    17 | D        | Noticed a bag of meat
    17 | D        | Noticed a bag of meat
    17 | D        | Noticed a bag of meat
    18 | D        | Reached skill level 15 in Spellcasting
    18 | D        | Reached XP level 15. HP: 135/135 MP: 0/0
    18 | D        | Learned a level 6 spell: Summon Cactus Giant
    18 | D        | Reached ***** piety under Makhleb
    18 | D        | Noticed a large bag of meat
    18 | D        | Noticed a meat berserker
    19 | D        | Reached XP level 16. HP: 120/142 MP: 0/0
    19 | D        | Killed a meat berserker
    19 | D        | Killed a meat berserker
    19 | D        | Killed a large bag of meat
    20 | D        | Reached XP level 17. HP: 147/154 MP: 0/0
    20 | D        | Learned a level 6 spell: Death Channel
    20 | D        | Noticed a meat berserker
    20 | D        | Noticed a large bag of meat
    21 | D        | Noticed a large bag of meat
    22 | D        | Killed a large bag of meat
    22 | D        | Killed a meat berserker
    22 | D        | Noticed a large bag of meat
    22 | D        | Noticed a meat berserker
    23 | D        | Reached XP level 18. HP: 151/166 MP: 0/0
    23 | D        | Reached ****** piety under Makhleb
    23 | D        | Noticed a large bag of meat
    23 | D        | Noticed a destroyer
    24 | D        | Reached skill level 27 in Fighting
    24 | D        | Reached skill level 27 in Dodging
    25 | D        | Noticed a destroyer
    26 | D        | Killed a meat berserker
    27 | D        | Reached XP level 19. HP: 174/174 MP: 0/0
    27 | D        | Learned a level 7 spell: Haunt
    27 | D        | Noticed a meat berserker
    28 | D        | Noticed a large bag of meat
    29 | D        | Killed a meat berserker
    29 | D        | Killed a destroyer
    29 | D        | Noticed a meat berserker
    30 | D        | Reached skill level 27 in Axes
    30 | D        | Reached skill level 27 in Spellcasting
    30 | D        | Reached skill level 27 in Invocations
    30 | D        | Reached XP level 20. HP: 181/181 MP: 0/0
    31 | D        | Killed a large bag of meat
    31 | D        | Killed a large bag of meat
    31 | D        | Noticed a meat berserker
    31 | D        | Noticed a destroyer
    32 | D        | Noticed a destroyer
    32 | D        | Noticed an eight-headed meat hydra
    34 | D        | Reached XP level 21. HP: 153/187 MP: 0/0
    34 | D        | Learned a level 7 spell: Orb of Destruction
    35 | D        | Killed a meat berserker
    36 | D        | Killed a meat berserker
    36 | D        | Noticed a meat berserker
    37 | D        | Reached skill level 10 in Short Blades
    37 | D        | Reached skill level 10 in Long Blades
    37 | D        | Reached skill level 10 in Armour
    37 | D        | Reached skill level 10 in Shields
    37 | D        | Reached skill level 10 in Evocations
    37 | D        | Killed a destroyer
    38 | D        | Reached skill level 10 in Maces & Flails
    38 | D        | Reached skill level 10 in Polearms
    38 | D        | Reached skill level 10 in Slings
    38 | D        | Reached skill level 10 in Bows
    38 | D        | Reached skill level 10 in Crossbows
    38 | D        | Reached skill level 10 in Throwing
    38 | D        | Reached XP level 22. HP: 194/194 MP: 0/0
    38 | D        | Noticed a destroyer
    38 | D        | Noticed a meat berserker
    39 | D        | Killed a large bag of meat
    40 | D        | Killed a large bag of meat
    41 | D        | Noticed a large bag of meat
    42 | D        | Killed a destroyer
    42 | D        | Noticed a meat berserker
    43 | D        | Reached skill level 15 in Armour
    43 | D        | Reached skill level 15 in Shields
    43 | D        | Reached skill level 15 in Evocations
    44 | D        | Reached XP level 23. HP: 164/201 MP: 0/0
    44 | D        | Learned a level 8 spell: Maxwell's Capacitive Coupling
    45 | D        | Killed a destroyer
    46 | D        | Reached skill level 15 in Maces & Flails
    46 | D        | Reached skill level 15 in Polearms
    46 | D        | Reached skill level 15 in Staves
    46 | D        | Noticed a large bag of meat
    52 | D        | Reached skill level 15 in Slings
    52 | D        | Reached skill level 15 in Bows
    52 | D        | Reached skill level 15 in Crossbows
    52 | D        | Reached skill level 15 in Throwing
    53 | D        | Killed a destroyer
    54 | D        | Reached XP level 24. HP: 167/208 MP: 0/0
    54 | D        | Noticed an accursed
    54 | D        | Noticed a large bag of meat
    57 | D        | Noticed The Captor
    58 | D        | Killed a large bag of meat
    59 | D        | Annihilated by The Captor

Illustrated notes

Levels and vault maps discovered:
D:        meatsprint

Skill      XL: |  1  2  3  4  5  6  7  8  9 10 11 12 13 14 15 16 17 18 19 20 21 22 23 24 |
---------------+-------------------------------------------------------------------------+-----
Fighting       | 13 15 16 18 21 22 24 26 27 | 27.0
Axes           | 9 11 12 13 16 17 20 23 26 27 | 27.0
Dodging        | 14 16 17 19 22 25 26 27 | 27.0
Spellcasting   | 8 9 10 12 15 17 19 20 27 | 27.0
Invocations    | 11 12 13 15 18 19 21 24 25 27 | 27.0
Short Blades   | 8 11 14 18 | 18.5
Long Blades    | 8 11 14 18 | 18.5
Maces & Flails | 7 10 13 16 17 | 17.1
Polearms       | 7 10 13 16 17 | 17.1
Staves         | 7 11 14 17 | 17.5
Slings         | 7 10 13 15 16 | 16.1
Bows           | 6 10 13 15 16 | 16.1
Crossbows      | 6 10 13 15 16 | 16.1
Throwing       | 6 10 13 15 16 | 16.1
Armour         | 8 12 15 18 19 | 19.0
Shields        | 8 12 15 18 19 | 19.0
Evocations     | 8 12 15 18 | 18.9
Stealth        | |  1.5
Unarmed Combat | |  3.0

Action                   |  1- 3 |  4- 6 |  7- 9 | 10-12 | 13-15 | 16-18 | 19-21 | 22-24 || total
-------------------------+-------+-------+-------+-------+-------+-------+-------+-------++-------
Melee: Executioner's axe |     1 |       |       |     2 |     5 |     6 |     7 |    13 ||    34
 Cast: Haunt             |       |       |       |       |       |       |     1 |       ||     1
       Death Channel     |       |       |       |       |       |       |     1 |       ||     1
       Maxwell's Capacit |       |       |       |       |       |       |       |     1 ||     1
Dodge: Dodged            |       |       |       |       |       |       |     2 |     1 ||     3
